 Dungeon Crawl Stone Soup version 0.29.0-11-gd7f09526c8 (webtiles) character file.

Game seed: 3916050972153933340

105 H0rd4k the Ducker (level 5, 0/39 HPs)
             Began as a Human Artificer on Sept 6, 2022.
             Killed themself with a badly aimed iceblast (12 damage)
             ... on level 3 of the Dungeon.
             The game lasted 00:03:37 (3237 turns).

H0rd4k the Ducker (Human Artificer)                 Turns: 3237, Time: 00:03:37

Health: 0/39       AC:  4    Str: 12    XL:     5   Next: 8%
Magic:  5/5        EV: 12    Int: 13    God:
Gold:   71         SH:  0    Dex: 14    Spells: 4/4 levels left

rFire   . . .      SeeInvis .   q - +1 whip (drain)
rCold   . . .      Faith    .   (no shield)
rNeg    . . .      Spirit   .   b - +0 leather armour
rPois   .          Reflect  .   l - +0 helmet
rElec   .          Harm     .   (no cloak)
rCorr   .          Rampage  .   (no gloves)
Will    .....                   (no boots)
Stlth   +.........              (no amulet)
HPRegen 0.13/turn               (no ring)
MPRegen 0.09/turn               (no ring)

@: no status effects
A: no striking features
a: no special abilities


You were on level 3 of the Dungeon.
You visited 1 branch of the dungeon, and saw 3 of its levels.

You collected 71 gold pieces.

Inventory:

Hand Weapons
 q - a +1 whip of draining (weapon)
Missiles
 k - 9 poisoned darts
 p - 3 atropa-tipped darts
Armour
 b - a +0 leather armour (worn)
 l - a +0 helmet (worn)
Wands
 d - a wand of charming (11)
 e - a wand of iceblast (5)
Scrolls
 a - a scroll of fear {unknown}
 f - 2 scrolls of vulnerability {unknown}
 h - 2 scrolls of teleportation {unknown}
 j - 3 scrolls of identify {unknown}
 m - a scroll of silence {unknown}
 n - a scroll of blinking {unknown}
 r - a scroll of torment {unknown}
Potions
 g - 2 potions of degeneration {unknown}
 i - 3 potions of haste {unknown}
 o - a potion of curing {unknown}
 s - a potion of flight {unknown}


   Skills:
 + Level 2.3 Fighting
 + Level 1.7 Maces & Flails
 - Level 2.0 Armour
 + Level 3.2 Dodging
 - Level 1.0 Stealth
 - Level 3.0 Evocations


You had 4 spell levels left.
You didn't know any spells.
Your spell library contained the following spells:

 Spells                   Type           Power      Damage    Failure   Level
 Apportation              Tloc           0%         N/A       36%         1
 Necrotise                Necr           0%         1d4       36%         1
 Summon Small Mammal      Summ           0%         N/A       36%         1
 Vampiric Draining        Necr           0%         2d6       75%         3
 Agony                    Necr           0%         N/A       100%        5


Dungeon Overview and Level Annotations

Branches:
Dungeon (3/15)

Altars:
Qazlal
Trog

Annotations:
D:3 Grinder


Message History

The magic dart hits you.
* * * LOW HITPOINT WARNING * * *
Aiming: Throw Flame
Press: ? - help, Shift-Dir - straight line, f - orc
Aim: an orc, wielding a +0 whip (severely wounded, not watching you, 71% to hit)
The puff of flame hits the orc.
You kill the orc!
Your orc wizard seems less confused.
Aiming: Throw Flame
Press: ? - help, Shift-Dir - straight line, f - you That beam is likely to hit you.
Continue anyway?
Okay, then.
Unknown command.
Aiming: Throw Flame
Press: ? - help, Shift-Dir - straight line The puff of flame hits something.
Something hits you but does no damage.
Unknown command.
Aiming: Throw Flame
Press: ? - help, Shift-Dir - straight line The now-empty wand crumbles to dust.
You hear some strange, mumbled words.
Something tries to affect you, but you resist.
Unknown command.
You don't have any such object.
Evoke which item? (* to show all) (? for menu, Esc to quit)
That's the wrong kind of item! (Use * to select it.) Evoke which item? (* to show all) (? for menu, Esc to quit)
That's the wrong kind of item! (Use * to select it.) Evoke which item? (* to show all) (? for menu, Esc to quit)
That's the wrong kind of item! (Use * to select it.) Evoke which item? (* to show all) (? for menu, Esc to quit)
You don't have any such object.
Evoke which item? (* to show all) (? for menu, Esc to quit)
Okay, then.
Aiming: Iceblast
Press: ? - help, Shift-Dir - straight line The mass of ice explodes!
The iceblast engulfs something!
Reactivating autopickup.
You feel a bit more experienced. The iceblast engulfs you!
You die...

#... ................
#.... ................
#.... ..............†..
#....##...............†
#....#.)...#..#+#(.....
#. ###.### ...# #......
#.# ##)####............
#.####)####............
#.####@####............
#......................
#.####.####............
#.####.####............
######.####............
#####.####............
#####.#.##............
#.....#'######........
#............#........


There were no monsters in sight!

Vanquished Creatures
  An orc wizard (D:3)
  A gnoll (D:2)
  2 adders (D:2)
  A worm (D:3)
  3 orcs (D:3)
  3 endoplasms
  A giant cockroach (D:2)
  6 hobgoblins
  7 jackals (D:3)
  6 quokkas
  13 ball pythons
  4 bats
  5 goblins
  5 kobolds
  8 rats
66 creatures vanquished.

Vanquished Creatures (others)
  2 gnolls (D:2)
  9 plants (D:1)
  8 toadstools (D:3)
19 creatures vanquished.

Grand Total: 85 creatures vanquished

Notes
Turn   | Place    | Note
-------+----------+-------------------------------------------
     0 | D:1      | H0rd4k the Human Artificer began the quest for the Orb.
     0 | D:1      | Reached XP level 1. HP: 15/15 MP: 1/1
   451 | D:1      | Reached XP level 2. HP: 21/21 MP: 2/2
  1298 | D:1      | Found a faded altar of an unknown god.
  1376 | D:1      | Reached XP level 3. HP: 26/26 MP: 3/3
  2082 | D:2      | Reached skill level 1 in Maces & Flails
  2082 | D:2      | Reached XP level 4. HP: 33/33 MP: 4/4
  2686 | D:3      | Found a stormy altar of Qazlal.
  2888 | D:3      | Noticed Grinder
  3062 | D:3      | Noticed a moth of wrath
  3064 | D:3      | Found a bloodstained altar of Trog.
  3217 | D:3      | Reached XP level 5. HP: 33/38 MP: 5/5
  3237 | D:3      | Killed themself with a badly aimed iceblast

Illustrated notes

Levels and vault maps discovered:
D:1:      dpeg_arrival_shelter, layout_rooms,
          ebering_ecumenical_altar_abandoned, hex_large, serial_bayou_lagoon_a,
          minmay_misc_feat_encased, minmay_misc_feat_nine_boxes
D:2:      layout_basic, serial_corexii_hall, chequers_hall_statues_wall_a,
          corexii_hall_statues_i, corexii_hall_statues_i, corexii_hall_statues_s
D:3:      cheibrodos_fertilizer, layout_basic, tgw_trog,
          nicolae_qazlal_scattered_showers, reono_crystal_passage, uniq_grinder

Skill      XL: |  1  2  3  4 |
---------------+-------------+-----
Dodging        | 2 3 |  3.2
Fighting       | 2 |  2.3
Maces & Flails | 1 |  1.7
Armour         | |  2.0
Stealth        | |  1.0
Evocations     | |  3.0

Action                   |  1- 3 |  4- 6 || total
-------------------------+-------+-------++-------
Melee: Club              |    95 |       ||    95
       Punch             |     2 |     1 ||     3
       Mace              |    24 |     2 ||    26
       Whip              |       |    83 ||    83
Evoke: Wand              |    10 |     9 ||    19
Armor: Leather armour    |    58 |    21 ||    79
Dodge: Dodged            |   129 |    54 ||   183
